 Dungeon Crawl Stone Soup version 0.18.1-48-g4cf74bf (webtiles) character file.

1001 tyranidshit the Fighter (level 8, -1/72 HPs)
             Began as a Demonspawn Abyssal Knight on Sept 11, 2016.
             Was a Priest of Lugonu.
             Slain by an ogre
             ... wielding a +0 giant club
              (14 damage)
             ... on level 5 of the Dungeon.
             The game lasted 00:12:42 (3615 turns).

tyranidshit the Fighter (Demonspawn Abyssal Knight) Turns: 3615, Time: 00:12:43

Health: -1/72      AC:  7    Str: 15    XL:     8   Next: 0%
Magic:  9/9        EV:  9    Int: 14    God:    Lugonu [***...]
Gold:   205        SH:  4    Dex: 22    Spells: 0 memorised, 7 levels left

rFire  . . .     SeeInvis .     u - +1 war axe
rCold  . . .     Gourm    .     p - +0 scale mail (curse)
rNeg   . . .     Faith    .     x - +0 buckler
rPois  +         Spirit   .     (helmet restricted)
rElec  .         Dismiss  .     E - +0 cloak
rCorr  .         Reflect  .     (no gloves)
SustAt .         Harm     .     (no boots)
MR     .....                    (no amulet)
Stlth  ++........               v - +4 ring of dexterity
                                e - +6 ring of slaying

@: not resistant to hostile enchantments, unstealthy
A: horns 2, thin skeletal structure 3, blurry vision 2, deterioration 1, poison
resistance, rot immunity
a: Depart the Abyss, Bend Space, Banish, Renounce Religion


You were on level 5 of the Dungeon.
You worshipped Lugonu.
Lugonu was most pleased with you.
You were not hungry.

You visited 1 branch of the dungeon, and saw 5 of its levels.
You visited the Abyss 1 time.

You collected 205 gold pieces.

Inventory:

Hand Weapons
 a - a +1 hand axe
 u - a +1 war axe (weapon)
Armour
 b - a +1 leather armour
 g - a +2 helmet
 p - a cursed +0 scale mail (worn)
 r - a +0 ring mail
 x - a +0 buckler (worn)
 C - the +2 robe of Xyoll {rN+}
   (You found it on level 4 of the Dungeon)

   It protects you from negative energy.
 E - a +0 cloak (worn)
Jewellery
 c - an uncursed amulet of dismissal
 e - a +6 ring of slaying (left hand)
 l - an uncursed ring of flight
 q - a +4 ring of intelligence
 t - a +2 ring of intelligence
 v - a +4 ring of dexterity (right hand)
 B - an uncursed ring of magical power
 H - an uncursed ring of stealth {unknown}
Scrolls
 f - 4 scrolls of identify
 i - a scroll of fog
 j - 4 scrolls of recharging
 k - 2 scrolls of amnesia
 y - a scroll of teleportation
 A - a scroll of magic mapping
 D - 2 scrolls of enchant weapon
 G - a scroll of remove curse
Potions
 m - a potion of haste
 o - 2 potions of cancellation
 z - a potion of resistance
 F - a potion of agility
Comestibles
 d - 4 meat rations
 h - a royal jelly
 n - 5 fruits
 s - 3 bread rations
 w - 2 beef jerkies


   Skills:
 + Level 9.7 Fighting
 - Level 1.7 Axes
 - Level 1.7 Armour
 - Level 0.8 Dodging
 - Level 2.4 Invocations


You had 7 spell levels left.
You didn't know any spells.

Dungeon Overview and Level Annotations

Branches:
Dungeon (5/15)
 Temple: D:4-7

Altars:
Fedhas
Kikubaaqudgha


Innate Abilities, Weirdness & Mutations

You have a pair of horns on your head.
You have an unnaturally thin skeletal structure (Dex +6, Stealth++).
You are immune to rotting.
Scrolls take you longer to read.
Your body sometimes deteriorates upon taking damage.
Your system is resistant to poisons.


Message History

You see here a worker ant corpse.
An ogre is nearby!
An ogre is nearby!
The ogre shouts!
The ogre barely misses you.
You slash the ogre!
The ogre is moderately wounded.
The ogre barely misses you.
You hit the ogre.
The ogre is heavily wounded.
The ogre hits you with a giant club!
You hit the ogre. You headbutt the ogre!
The ogre is severely wounded.
The ogre hits you with a giant club.
You hit the ogre.
The ogre is severely wounded.
The ogre hits you with a giant club!!
* * * LOW HITPOINT WARNING * * *
The ogre hits you with a giant club!
You die...

#.# #.# ### #.#
<.# #.# #.# #.# #
# #.# # ..# #O# #
.... #@# #
+...##.# #
#......# #
######.# # #.#
###### #†# .....#
#.#
.....###########.#
.................#


You could see an ogre.

Vanquished Creatures
  Grinder (D:3)
  Edmund (D:5)
  A sky beast (D:5)
  A water moccasin skeleton (D:4)
  A scorpion (D:4)
  4 orc wizards
  Crazy Yiuf (D:3)
  Terence (D:2)
  Natasha (thrice) (D:2)
  3 worker ants
  Robin (D:3)
  A gnoll (D:1)
  7 adders
  3 oozes
  A worm (D:4)
  2 giant geckos (D:3)
  15 orcs
  6 bats
  A giant cockroach (D:5)
  14 goblins
  9 hobgoblins
  10 jackals
  3 quokkas
  2 ball pythons (D:4)
  A giant newt (D:2)
  2 kobolds
  5 rats
100 creatures vanquished.

Notes
Turn   | Place    | Note
--------------------------------------------------------------
     0 | Abyss:1  | tyranidshit the Demonspawn Abyssal Knight began the quest for the Orb.
     0 | Abyss:1  | Reached XP level 1. HP: 18/18 MP: 2/2
    14 | Abyss:1  | Found a corrupted altar of Lugonu.
    67 | Abyss:1  | Noticed a smoke demon
    73 | Abyss:1  | Noticed an Executioner
    77 | D:1      | Escaped the Abyss
    83 | D:1      | Noticed a vampire
    84 | D:1      | Noticed a centaur
    85 | D:1      | Noticed a vampire
    86 | D:1      | Noticed a human
    87 | D:1      | Noticed a draconian
    92 | D:1      | Noticed a human
    93 | D:1      | Noticed a troll
    95 | D:1      | Noticed a minotaur
    95 | D:1      | Noticed an octopode
    97 | D:1      | Noticed an octopode
    99 | D:1      | Noticed an ogre
   257 | D:1      | Gained mutation: You have a somewhat thin skeletal structure (Dex +2, Stealth). [demonic ancestry]
   257 | D:1      | Reached XP level 2. HP: 17/24 MP: 3/3
   370 | D:1      | Reached skill level 4 in Fighting
   543 | D:1      | Reached * piety under Lugonu
   545 | D:1      | Gained mutation: You have a moderately thin skeletal structure (Dex +4, Stealth+). [demonic ancestry]
   545 | D:1      | Reached XP level 3. HP: 27/30 MP: 4/4
  1149 | D:2      | Gained mutation: Your magical capacity is low (-10% MP). [potion of mutation]
  1149 | D:2      | Gained mutation: You are clumsy. (Dex -2) [potion of mutation]
  1248 | D:2      | Noticed Natasha
  1254 | D:2      | Killed Natasha
  1254 | D:2      | Reached skill level 5 in Fighting
  1254 | D:2      | Reached XP level 4. HP: 31/39 MP: 5/5
  1352 | D:2      | Noticed Natasha
  1358 | D:2      | Noticed Terence
  1365 | D:2      | Killed Terence
  1368 | D:2      | Killed Natasha
  1368 | D:2      | Noticed Natasha
  1377 | D:2      | Killed Natasha
  1377 | D:2      | Reached XP level 5. HP: 13/46 MP: 6/6
  1479 | D:3      | Reached skill level 6 in Fighting
  1483 | D:3      | Reached ** piety under Lugonu
  1592 | D:3      | Noticed Robin
  1605 | D:3      | Killed Robin
  1769 | D:3      | Noticed Grinder
  1773 | D:3      | Paralysed by Grinder for 6 turns
  1863 | D:4      | Reached skill level 7 in Fighting
  1863 | D:4      | Gained mutation: You are immune to rotting. [demonic ancestry]
  1863 | D:4      | Reached XP level 6. HP: 24/55 MP: 7/7
  2266 | D:4      | Got a dull robe
  2267 | D:4      | Identified the +2 robe of Xyoll {rN+} (You found it on level 4 of the Dungeon)
  2422 | D:4      | Found a blossoming altar of Fedhas.
  2425 | D:4      | Found an ancient bone altar of Kikubaaqudgha.
  2494 | D:3      | Paralysed by Grinder for 7 turns
  2505 | D:3      | Killed Grinder
  2505 | D:3      | Reached skill level 8 in Fighting
  2505 | D:3      | Gained mutation: You have an unnaturally thin skeletal structure (Dex +6, Stealth++). [demonic ancestry]
  2505 | D:3      | Reached XP level 7. HP: 8/63 MP: 7/7
  2699 | D:3      | Noticed Crazy Yiuf
  2716 | D:3      | Lost mutation: Your magical capacity is low (-10% MP). [potion of cure mutation]
  2716 | D:3      | Lost mutation: You are clumsy. (Dex -2) [potion of cure mutation]
  2738 | D:3      | Killed Crazy Yiuf
  2748 | D:3      | Gained mutation: Your mind is acute. (Int +2) [potion of mutation]
  2748 | D:3      | Gained mutation: You are clumsy. (Dex -2) [potion of mutation]
  2748 | D:3      | Gained mutation: Scrolls take you a little longer to read. [potion of mutation]
  2749 | D:3      | Gained mutation: You have a pair of small horns on your head. [potion of mutation]
  2749 | D:3      | Gained mutation: Your body sometimes deteriorates upon taking damage. [potion of mutation]
  2749 | D:3      | Lost mutation: You are clumsy. (Dex -2) [potion of mutation]
  2750 | D:3      | Gained mutation: Scrolls take you longer to read. [potion of mutation]
  2750 | D:3      | Lost mutation: Your mind is acute. (Int +2) [potion of mutation]
  2750 | D:3      | Gained mutation: Your system is resistant to poisons. [potion of mutation]
  3256 | D:5      | Entered Level 5 of the Dungeon
  3295 | D:5      | Reached skill level 9 in Fighting
  3517 | D:5      | Noticed Edmund
  3523 | D:5      | Killed Edmund
  3574 | D:5      | Reached *** piety under Lugonu
  3605 | D:5      | Gained mutation: You have a pair of horns on your head. [demonic ancestry]
  3605 | D:5      | Reached XP level 8. HP: 59/72 MP: 9/9
  3615 | D:5      | Slain by an ogre

Skill      XL: |  1  2  3  4  5  6  7 |
---------------+----------------------+-----
Fighting       | 4 5 7 8 9 |  9.7
Axes           | |  1.7
Armour         | |  1.7
Dodging        | |  0.8
Invocations    | |  2.4

Action                   |  1- 3 |  4- 6 |  7- 9 || total
-------------------------+-------+-------+-------++-------
Melee: Hand axe          |    47 |    74 |       ||   121
       War axe           |       |    77 |    56 ||   133
       Headbutt          |       |       |    11 ||    11
Invok: Depart the Abyss  |     1 |       |       ||     1
  Use: Scroll            |     7 |     8 |     1 ||    16
       Potion            |     5 |     4 |     5 ||    14
 Stab: Sleeping          |       |     1 |     3 ||     4
  Eat: Bread ration      |       |     1 |       ||     1
       Meat ration       |       |     1 |       ||     1
Armor: Leather armour    |     7 |       |       ||     7
       Ring mail         |     4 |    36 |       ||    40
       Scale mail        |       |    20 |    24 ||    44
Dodge: Dodged            |    33 |    60 |    25 ||   118
Block: Buckler           |       |     9 |     9 ||    18
